 Dungeon Crawl Stone Soup version 0.29-a0-330-g52719c12eb (webtiles) character file.

Game seed: 2469541860685114142

792 Aelig the Cudgeller (level 7, 0/54 HPs)
             Began as a Mummy Fighter on May 15, 2022.
             Engulfed by a steam dragon's steam (1 damage)
             ... on level 4 of the Dungeon.
             The game lasted 00:12:53 (5787 turns).

Aelig the Cudgeller (Mummy Fighter)                 Turns: 5787, Time: 00:12:54

Health: 0/54       AC:  9    Str: 22    XL:     7   Next: 57%
Magic:  7/7        EV:  7    Int:  7    God:
Gold:   266        SH:  9    Dex: 11    Spells: 6/6 levels left

rFire   . . .      SeeInvis .   a - +0 flail
rCold   + . .      Faith    .   c - +0 buckler
rNeg    + + +      Spirit   .   r - +0 chain mail
rPois   ∞          Reflect  +   (no helmet)
rElec   .          Harm     .   h - +0 cloak
rCorr   .          Rampage  .   (no gloves)
Will    +....                   (no boots)
Stlth   ..........              m - amulet of reflection
HPRegen 0.18/turn               q - ring of protection from fire
MPRegen 0.10/turn               d - ring of willpower

@: no status effects
A: cold resistance 1, negative energy resistance 3, torment resistance 2, heat
vulnerability 1, in touch with death 1, no potions
a: no special abilities


You were on level 4 of the Dungeon.
You visited 1 branch of the dungeon, and saw 5 of its levels.
You also visited: Sewer.

You collected 266 gold pieces.

Inventory:

Hand Weapons
 a - a +0 flail (weapon)
Missiles
 e - 164 stones (quivered)
 i - a throwing net
Armour
 c - a +0 buckler (worn)
 h - a +0 cloak (worn)
 r - a +0 chain mail (worn)
Jewellery
 d - a ring of willpower (right hand)
 f - a +6 ring of strength
 m - an amulet of reflection (around neck)
 q - a ring of protection from fire (left hand)
Wands
 k - a wand of polymorph (19)
Scrolls
 b - 2 scrolls of enchant weapon {unknown}
 g - a scroll of fog
 j - a scroll of silence {unknown}
 l - 2 scrolls of teleportation
 n - a scroll of fear {unknown}
 o - a scroll of blinking
 p - a scroll of amnesia
 s - 3 scrolls of enchant armour
 t - a scroll of magic mapping {unknown}
 u - a scroll of torment


   Skills:
 - Level 4.0 Fighting
 + Level 6.9 Maces & Flails
 - Level 2.4 Armour
 - Level 2.4 Shields


You had 6 spell levels left.
You didn't know any spells.
Your spell library was empty.

Dungeon Overview and Level Annotations

Branches:
Dungeon (5/15)              Sewer (visited)
 Temple: D:4-7

Altars:
Sif Muna

Shops:
D:5 !

Portals:
Abyss: D:4

Annotations:
D:4 2 transporters, robertstho's ghost, novice DjFE


Innate Abilities, Weirdness & Mutations

You are immune to poison.
Your flesh is cold resistant. (rC+)
You are immune to negative energy. (rN+++)
You are immune to unholy pain and torment.
You are vulnerable to heat. (rF-)
You are in touch with the powers of death.
You do not drink.


Message History

You block the steam dragon's attack. The steam dragon barely misses you.
You barely miss the steam dragon.
The steam dragon is lightly wounded.
The steam dragon breathes steam at you. The ball of steam hits you!!
You sock the steam dragon!
The steam dragon is heavily wounded.
You are engulfed in a cloud of scalding steam.
The steam dragon bites you but does no damage.
You block the steam dragon's attack.
You barely miss the steam dragon.
The steam dragon is heavily wounded.
You are engulfed in a cloud of scalding steam.
The steam dragon bites you. The steam dragon barely misses you.
You hit the steam dragon.
The steam dragon is heavily wounded.
The steam dragon bites you but does no damage.
The steam dragon claws you.
You hit the steam dragon.
The steam dragon is severely wounded.
You block the steam dragon's attack. The steam dragon claws you.
* * * LOW HITPOINT WARNING * * *
You hit the steam dragon.
The steam dragon is severely wounded.
The steam dragon breathes steam at you. The ball of steam hits you!
* * * LOW HITPOINT WARNING * * *
You barely miss the steam dragon.
The steam dragon is severely wounded.
You are engulfed in a cloud of scalding steam.
The steam dragon bites you.
* * * LOW HITPOINT WARNING * * *
You block the steam dragon's attack. The steam dragon closely misses you.
The steam dragon claws you but does no damage.
You can't drink.
Unknown command.
You hit the steam dragon.
The steam dragon is almost dead.
You are engulfed in a cloud of scalding steam.
You die...

....# #.....#####
....# #.........#
....# #.....###.#
....# #####..# #.#
....# #...#..# #.#
....#######.#.#..#
#.#
........)...D.)[>#
#.#
.########.#.#.##D#
#.# .# #.#.#.##@#
#.# .# #.#.#.##§#
#.# .# #.#.#.##§#
#.# .# #.#.#.##.#
#.# .# #.#.#.##[#
#.# .#####
#.#.#.##.# #.#
.....# #.#.#.##.#
#.# .###.##
#.#.#.##.# #.# .#
#..# #.#.#.##.#
#.#


You could see a steam dragon (catching breath).

Vanquished Creatures
  A black bear (D:4)
  A sky beast (D:5)
  An ogre (D:5)
  A scorpion (D:5)
  A howler monkey (D:5)
  2 hounds (D:5)
  A gnoll shaman (D:2)
  5 gnolls
  10 adders
  5 river rats (Sewer)
  2 ufetubi (D:5)
  2 worms
  4 dart slugs
  5 orcs
  5 endoplasms
  8 giant cockroaches
  10 goblins
  8 hobgoblins
  5 jackals
  5 kobolds
  14 quokkas
  9 ball pythons
  9 bats
  4 frilled lizards (Sewer)
  10 rats
128 creatures vanquished.

Notes
Turn   | Place    | Note
-------+----------+-------------------------------------------
     0 | D:1      | Aelig the Mummy Fighter began the quest for the Orb.
     0 | D:1      | Reached XP level 1. HP: 18/18 MP: 1/1
   177 | D:1      | Reached skill level 2 in Maces & Flails
   210 | D:1      | Reached XP level 2. HP: 20/24 MP: 2/2
   455 | D:1      | Gained mutation: You are in touch with the powers of death.
                  | [Mummy growth]
   455 | D:1      | Reached XP level 3. HP: 25/29 MP: 3/3
   521 | D:1      | Reached skill level 3 in Maces & Flails
  1350 | D:2      | Found a faded altar of an unknown god.
  1825 | D:2      | Reached XP level 4. HP: 32/35 MP: 4/4
  2050 | D:2      | Reached skill level 4 in Maces & Flails
  2254 | D:3      | Reached XP level 5. HP: 35/41 MP: 5/5
  2628 | D:3      | Noticed an ice beast
  3296 | D:4      | Noticed a black bear
  3432 | D:4      | Found a glowing drain.
  3436 | Sewer    | Entered a sewer
  3519 | Sewer    | Reached skill level 5 in Maces & Flails
  3865 | Sewer    | Reached XP level 6. HP: 39/47 MP: 6/6
  4349 | D:4      | Found a transporter.
  4353 | D:4      | Found a one-way gate to the infinite horrors of the Abyss.
  4353 | D:4      | Noticed robertstho's ghost (novice DjFE)
  4360 | D:4      | Noticed a small abomination
  4410 | D:4      | Found a transporter.
  4512 | D:4      | Noticed a steam dragon
  4755 | D:5      | Entered Level 5 of the Dungeon
  4767 | D:5      | Reached skill level 6 in Maces & Flails
  4855 | D:5      | Found Guffaz's Distillery.
  4910 | D:5      | Reached XP level 7. HP: 38/52 MP: 7/7
  5272 | D:5      | Found a shimmering blue altar of Sif Muna.
  5786 | D:4      | HP: 1/54 [steam dragon (4)]
  5787 | D:4      | Engulfed by a steam dragon's steam

Illustrated notes

Levels and vault maps discovered:
D:1:      mushboom_english_gardens, layout_basic, serial_park_tiny_1
D:2:      minmay_alternating_diamond, layout_loops_cross,
          dreamdust_ecumenical_altar_hidden_monk_grotto
D:3:      layout_rooms
D:4:      layout_basic, gup_sewer_entry_bowl, gammafunk_ghost_abyssal_escape
D:5:      layout_loops_ring, mainiacjoe_overflow_tiny_flanked,
          kennysheep_windowed_goal

Skill      XL: |  1  2  3  4  5  6  7 |
---------------+----------------------+-----
Maces & Flails | 2 3 4 5 6 |  6.9
Fighting       | 4 |  4.0
Armour         | |  2.4
Shields        | |  2.4

Action                   |  1- 3 |  4- 6 |  7- 9 || total
-------------------------+-------+-------+-------++-------
Melee: Flail             |   134 |   257 |    75 ||   466
  Use: Scroll            |       |     2 |     6 ||     8
Armor: Scale mail        |    59 |    25 |       ||    84
       Chain mail        |       |    76 |    31 ||   107
Dodge: Dodged            |    63 |   101 |    23 ||   187
Block: Buckler           |    19 |   114 |    46 ||   179
       Reflection        |       |     2 |       ||     2

Table legend: (Time is in decaauts)
 A = Elapsed time spent in this place.
 B = Non-inter-level travel time spent in this place.
 C = Inter-level travel time spent in this place.
 D = Time resting spent in this place.
 E = Time spent auto-exploring this place.
 F = Levels seen in this place.
 G = Mean time per level.
                   A        B        C        D        E       F      G
               +--------+--------+--------+--------+--------+-----+--------+
         Total |   6056 |   5930 |    126 |   1110 |   2806 |   6 | 1009.3 |
       Dungeon |   5011 |   4885 |    126 |    886 |   2402 |   5 | 1002.2 |
         Sewer |   1044 |   1044 |      0 |    224 |    403 |   1 | 1044.0 |
               +--------+--------+--------+--------+--------+-----+--------+

Top non-repeatable levels by time:
     D:1: 1346 daAuts
   Sewer: 1044 daAuts
     D:2: 942 daAuts
     D:3: 916 daAuts
     D:4: 907 daAuts
     D:5: 898 daAuts
